 Dungeon Crawl Stone Soup version 0.26-a0-665-gefeb406119 (webtiles) character file.

Game seed: 7949965624489008081

5 miscthings the Sneak (level 1, 0/20 HPs)
             Began as a Palentonga Delver on Oct 15, 2020.
             Slain by a worker ant zombie (2 damage)
             ... on level 5 of the Dungeon.
             The game lasted 00:01:20 (113 turns).

miscthings the Sneak (Palentonga Delver)             Turns: 113, Time: 00:01:20

Health: 0/20       AC:  4    Str: 15    XL:     1   Next: 66%
Magic:  1/1        EV:  9    Int: 10    God:
Gold:   3          SH:  0    Dex: 11    Spells: 0/0 levels left

rFire    . . .     SeeInvis +   a - +0 hand axe
rCold    . . .     Faith    .   (no shield)
rNeg     . . .     Spirit   .   b - +0 leather armour
rPois    .         Reflect  .   (no helmet)
rElec    .         Harm     .   (no cloak)
rCorr    .         Rampage  .   (no gloves)
MR       .....                  (no barding)
Stlth    ++........             (no amulet)
HPRegen  0.06/turn              (no ring)
MPRegen  0.07/turn              (no ring)

@: hasted, very quick
A: large, rugged brown scales 3, see invisible, deformed body, roll, armoured
tail
a: Rolling Charge


You were on level 5 of the Dungeon.
You visited 1 branch of the dungeon, and saw 1 of its levels.

You collected 3 gold pieces.

Inventory:

Hand Weapons
 a - a +0 hand axe (weapon)
Armour
 b - a +0 leather armour (worn)
 i - a +0 chain mail
Wands
 g - a wand of digging (3)
Scrolls
 c - a scroll of fog
 d - a scroll of magic mapping
 e - a scroll of fear
Potions
 h - a potion of magic {unknown}


   Skills:
 + Level 3.0 Fighting
 + Level 2.0 Axes
 + Level 1.5 Dodging
 + Level 3.6 Stealth


You couldn't memorise any spells.
You didn't know any spells.
Your spell library was empty.

Dungeon Overview and Level Annotations

Branches:
Dungeon (5/15)
 Temple: D:4-7

Altars:

Shops:
D:5 [


Innate Abilities, Weirdness & Mutations

You are completely covered in rugged brown scales. (AC +3, +7% HP)
You have supernaturally acute eyesight. (SInv)
Armour fits poorly on your strangely shaped body.
You can roll at foes to attack.
You have a long armoured tail.


Message History

You barely miss the worker ant zombie.
The worker ant zombie is lightly damaged.
The worker ant zombie bites you but does no damage.
You feel yourself speed up.
The worker ant zombie bites you but does no damage.
You barely miss the worker ant zombie.
The worker ant zombie is lightly damaged.
The worker ant zombie bites you.
* * * LOW HITPOINT WARNING * * *
You barely miss the worker ant zombie.
The worker ant zombie is lightly damaged.
The worker ant zombie bites you but does no damage.
You hit the worker ant zombie. You tail-slap the worker ant zombie.
The worker ant zombie is heavily damaged.
The worker ant zombie bites you.
* * * LOW HITPOINT WARNING * * *
Your leather armour prevents you from hitting the worker ant zombie.
The worker ant zombie is heavily damaged.
The worker ant zombie bites you.
You die...

.## ... ....
......#....# .....
...........# #.....
#..........#
#......
#..........#
###Z......
#.........# ###.@.#
#.........###...###
#..............##
#............###
.....#####†...#
....## #.......#
.....# ##.......#
.....###....###.#
......#....## .#


You could see a worker ant zombie.

Vanquished Creatures
  A leopard gecko (D:5)
  2 giant cockroaches (D:5)
  A frilled lizard (D:5)
4 creatures vanquished.

Notes
Turn   | Place    | Note
-------+----------+-------------------------------------------
     0 | D:5      | miscthings the Palentonga Delver began the quest for the
                  | Orb.
     0 | D:5      | Reached XP level 1. HP: 20/20 MP: 1/1
   113 | D:5      | Slain by a worker ant zombie

Illustrated notes

Levels and vault maps discovered:
D:5:      layout_layer_cave, kennysheep_mini_moat,
          amethyst_overflow_temple_binary, serial_shops, shop, serial_rivers,
          chequers_serial_rivers_marsh, chequers_serial_rivers_small_b,
          chequers_serial_rivers_micro_a, chequers_serial_rivers_small_a,
          chequers_serial_rivers_micro_e, chequers_serial_rivers_small_a,
          gammafunk_ghost_necromancy, portal_sewer_entry_f

Action                   || total
-------------------------++-------
Melee: Hand axe          ||    22
       Tailslap          ||     4
 Abil: Rolling Charge    ||     5
  Use: Potion            ||     1
Armor: Leather armour    ||     7
Dodge: Dodged            ||     6

Table legend: (Time is in decaauts)
 A = Elapsed time spent in this place.
 B = Non-inter-level travel time spent in this place.
 C = Inter-level travel time spent in this place.
 D = Time resting spent in this place.
 E = Time spent auto-exploring this place.
 F = Levels seen in this place.
 G = Mean time per level.
                   A        B        C        D        E       F      G
               +--------+--------+--------+--------+--------+-----+--------+
         Total |    116 |    116 |      0 |      0 |      6 |   1 |  116.0 |
       Dungeon |    116 |    116 |      0 |      0 |      6 |   1 |  116.0 |
               +--------+--------+--------+--------+--------+-----+--------+

Top non-repeatable levels by time:
     D:5: 116 daAuts
